 Dungeon Crawl Stone Soup version 0.27.1 (webtiles) character file.

Game seed: 2142089106527928021

87 MajorAdolf the Sneak (level 4, -4/40 HPs)
             Began as a Naga Wanderer on Sept 4, 2021.
             Slain by Natasha (8 damage)
             ... on level 2 of the Dungeon.
             The game lasted 00:03:56 (3089 turns).

MajorAdolf the Sneak (Naga Wanderer)                Turns: 3089, Time: 00:03:57

Health: -4/40      AC:  3    Str: 14    XL:     4   Next: 51%
Magic:  5/5        EV:  9    Int: 12    God:
Gold:   171        SH:  0    Dex: 12    Spells: 1/5 levels left

rFire    . . .     SeeInvis +   f - +0 whip (pain)
rCold    . . .     Faith    .   (no shield)
rNeg     . . .     Spirit   .   c - +0 robe
rPois    +         Reflect  .   (no helmet)
rElec    .         Harm     .   n - +0 cloak
rCorr    .         Rampage  .   (no gloves)
Will     .....                  (no barding)
Stlth    +++.......             (no amulet)
HPRegen  0.13/turn              (no ring)
MPRegen  0.09/turn              (no ring)

@: short of breath, very slow
A: AC +1, large, see invisible, deformed body, poison resistance, slowness 2,
spit poison 1, naga tail 1
a: Spit Poison


You were on level 2 of the Dungeon.
You visited 1 branch of the dungeon, and saw 3 of its levels.

You collected 171 gold pieces.

Inventory:

Hand Weapons
 a - a +2 short sword
 d - a +0 dagger
 f - a +0 whip of pain (weapon)
Armour
 c - a +0 robe (worn)
 n - a +0 cloak (worn)
Jewellery
 l - a +4 ring of slaying
 p - a ring of resist corrosion
Scrolls
 b - a scroll of teleportation
 e - a scroll of amnesia {unknown}
 i - 2 scrolls of blinking {unknown}
 j - 3 scrolls of identify {unknown}
 s - a scroll of magic mapping {unknown}
Potions
 g - a potion of cancellation {unknown}
 h - a potion of invisibility {unknown}
 k - a potion of attraction {unknown}
 m - a potion of might {unknown}
 o - 2 potions of flight {unknown}
 q - a potion of heal wounds {unknown}
 r - a potion of haste {unknown}


   Skills:
 + Level 2.5 Fighting
 - Level 2.0 Short Blades
 + Level 1.7 Maces & Flails
 - Level 4.4 Stealth
 - Level 1.0 Spellcasting
 + Level 1.7 Necromancy
 - Level 3.1 Air Magic
 - Level 1.3 Poison Magic


You had one spell level left.
You knew the following spells:

 Your Spells              Type           Power      Damage    Failure   Level
a - Animate Skeleton      Necr           8%         N/A       14%         1
b - Vampiric Draining     Necr           2%         2d6       41%         3

Your spell library contained the following spells:

 Spells                   Type           Power      Damage    Failure   Level
 Portal Projectile        Hex/Tloc       0%         N/A       65%         3
 Excruciating Wounds      Necr           2%         N/A       99%         5
 Blade Hands              Tmut           0%         N/A       100%        5


Dungeon Overview and Level Annotations

Branches:
Dungeon (3/15)

Altars:

Annotations:
D:2 Natasha


Innate Abilities, Weirdness & Mutations

Your serpentine skin is tough. (AC +1)
You have supernaturally acute eyesight. (SInv)
Armour fits poorly on your strangely shaped body.
Your system is resistant to poisons. (rPois)
You cover ground very slowly.
You can spit poison.
You have a snake-like lower body.


Message History

Natasha casts a spell.
Press: ? - help, Shift-Dir - straight line, f - Natasha
Aim: Natasha (lightly wounded)
The splash of poison hits Natasha.
Natasha is moderately wounded.
Natasha claws you.
Unknown command.
You closely miss Natasha.
Natasha is moderately wounded.
Natasha claws you.
You hit Natasha.
Natasha is moderately wounded.
Natasha claws you!
You barely miss Natasha.
Natasha is moderately wounded.
Natasha stares at you and mumbles some strange words.
The magic dart hits you.
You hit Natasha.
Natasha writhes in agony.
Natasha is heavily wounded.
Natasha drinks a potion.
Natasha is healed!
You hit Natasha.
Natasha writhes in agony.
Natasha is moderately wounded.
You have got your breath back.
Natasha claws you.
* * * LOW HITPOINT WARNING * * *
Press: ? - help, Shift-Dir - straight line, f/p - Natasha
Aim: Natasha (moderately wounded)
The splash of poison hits Natasha.
Natasha is poisoned.
Natasha is heavily wounded.
Natasha casts a spell at you. The magic dart hits you!
* * * LOW HITPOINT WARNING * * *
The crimson imp blinks!
You barely miss Natasha.
Natasha is heavily wounded.
Natasha barely misses you.
You hit Natasha.
Natasha is almost dead.
Natasha claws you!
You die...

.........##........##.# #.#
######.####...........###.#
###.##.######...##........#
##.................##.#####
### ###.##.######...#####.#
#.. # #.##.# ##........#
#.# ###.##.### ##########
#.# #........#
##################.#
).#.##.#.#
#..@h.......)......#
..#.##.#.#
#.####.............#
..#.##.#.# #.#
#.##########..# ..#.##.#.#
#.# #.# #..# ..#.##.#.# #.#
#.# #..# ....##.#.# #.# #.#
#..# ######.#.# #.# #.#
#..# #.#.# #.# #.# #..#
######.#.# #.# #.# #...


You could see Natasha (poisoned).

Vanquished Creatures
  Natasha (D:3)
  2 adders (D:2)
  A dart slug (D:2)
  3 ball pythons
  2 endoplasms (D:1)
  5 goblins
  2 hobgoblins
  4 jackals (D:1)
  3 kobolds
  4 quokkas
  5 bats
  5 frilled lizards
  3 rats
40 creatures vanquished.

Vanquished Creatures (collateral kills)
  A kobold (D:2)
1 creature vanquished.

Grand Total: 41 creatures vanquished

Notes
Turn   | Place    | Note
-------+----------+-------------------------------------------
     0 | D:1      | MajorAdolf the Naga Wanderer began the quest for the Orb.
     0 | D:1      | MajorAdolf set off with the following items: a +2 short
                  | sword, a scroll of teleportation, a +0 robe, a +0 dagger;
                  | and the following spell memorised: Animate Skeleton; and
                  | the following spells available to memorise: Vampiric
                  | Draining
     0 | D:1      | Reached XP level 1. HP: 15/15 MP: 2/2
   438 | D:1      | Reached skill level 1 in Fighting
   597 | D:1      | Reached XP level 2. HP: 25/25 MP: 3/3
  1195 | D:1      | Reached XP level 3. HP: 12/32 MP: 4/4
  1500 | D:1      | Learned a level 3 spell: Vampiric Draining
  1536 | D:1      | Found a faded altar of an unknown god.
  1859 | D:2      | Reached skill level 1 in Maces & Flails
  1859 | D:2      | Reached skill level 1 in Necromancy
  2616 | D:2      | Reached XP level 4. HP: 35/40 MP: 5/5
  2843 | D:3      | Noticed Natasha
  2853 | D:3      | Killed Natasha
  2925 | D:3      | Noticed Natasha
  3089 | D:2      | Slain by Natasha

Illustrated notes

Levels and vault maps discovered:
D:1:      saegor_arrival_simple_d, layout_basic,
          chequers_ecumenical_altar_island, minmay_misc_feat_roman,
          minmay_bisected
D:2:      layout_loops_ring, grunt_ministairs_4, supply_closet_lemuel,
          hex_medium
D:3:      layout_basic, chequers_temple_overflow_minitemple,
          mainiacjoe_overflow_small_starburst, uniq_natasha

Skill      XL: |  1  2  3 |
---------------+----------+-----
Fighting       | 1 2 |  2.5
Maces & Flails | 1 |  1.7
Necromancy     | 1 |  1.7
Short Blades   | |  2.0
Stealth        | |  4.4
Spellcasting   | |  1.0
Air Magic      | |  3.1
Poison Magic   | |  1.3

Action                   |  1- 3 |  4- 6 || total
-------------------------+-------+-------++-------
Melee: Whip              |    81 |    25 ||   106
       Short sword       |     4 |       ||     4
 Cast: Animate Skeleton  |     3 |       ||     3
 Abil: Spit Poison       |    17 |     8 ||    25
 Stab: Sleeping          |     6 |       ||     6
Armor: Robe              |    39 |     2 ||    41
Dodge: Dodged            |    59 |     9 ||    68
